 Dungeon Crawl Stone Soup version 0.24.0-41-g2ae2f7f1be (webtiles) character file.

Game seed: 12903228010969677285, levelgen mode: deterministic

15 FishyPogo the Cutter (level 2, -11/29 HPs)
             Began as a Gnoll Chaos Knight on Dec 14, 2019.
             Was a Plaything of Xom.
             Mangled by a moth of wrath (glowing shapeshifter) (20 damage)
             ... on level 1 of the Dungeon.
             The game lasted 00:01:00 (349 turns).

FishyPogo the Cutter (Gnoll Chaos Knight)            Turns: 349, Time: 00:01:00

Health: -11/29     AC:  5    Str: 14    XL:     2   Next: 50%
Magic:  2/2        EV: 12    Int: 18    God:    Xom [..*...]
Gold:   9          SH:  0    Dex: 14    Spells: 1/1 levels left

rFire    . . .     SeeInvis .   a - +0 short sword (chaos)
rCold    . . .     Gourm    .   (no shield)
rNeg     . . .     Faith    .   b - +2 leather armour
rPois    .         Spirit   .   (no helmet)
rElec    .         Reflect  .   (no cloak)
rCorr    .         Harm     .   (no gloves)
MR       .....                  (no boots)
Stlth    +.........             (no amulet)
HPRegen  0.09/turn              g - +4 ring of intelligence
MPRegen  0.08/turn              (no ring)

@: no status effects
A: distributed training, fangs 1, strong nose
a: Renounce Religion


You were on level 1 of the Dungeon.
You worshipped Xom.
You were a toy of Xom.
You were not hungry.

You visited 1 branch of the dungeon, and saw 1 of its levels.

You collected 9 gold pieces.

Inventory:

Hand Weapons
 a - a +0 short sword of chaos (weapon)
Missiles
 e - 4 boomerangs (quivered)
 h - 23 stones
Armour
 b - a +2 leather armour (worn)
Jewellery
 g - a +4 ring of intelligence (left hand)
Scrolls
 f - a scroll of enchant weapon {unknown}
Comestibles
 c - a ration
 d - 4 chunks of flesh


   Skills:
 + Level 6.5 Fighting
 + Level 6.5 Short Blades
 + Level 0.4 Long Blades
 + Level 0.4 Axes
 + Level 0.4 Maces & Flails
 + Level 0.4 Polearms
 + Level 0.4 Staves
 + Level 0.4 Slings
 + Level 0.4 Bows
 + Level 0.4 Crossbows
 + Level 0.4 Throwing
 + Level 4.5 Armour
 + Level 2.5 Dodging
 + Level 0.4 Stealth
 + Level 0.4 Shields
 + Level 0.4 Unarmed Combat
 + Level 0.4 Spellcasting
 + Level 0.2 Conjurations
 + Level 0.2 Hexes
 + Level 0.2 Charms
 + Level 0.2 Summonings
 + Level 0.2 Necromancy
 + Level 0.2 Translocations
 + Level 0.2 Transmutations
 + Level 0.2 Fire Magic
 + Level 0.2 Ice Magic
 + Level 0.2 Air Magic
 + Level 0.2 Earth Magic
 + Level 0.2 Poison Magic
 + Level 0.5 Invocations
 + Level 0.4 Evocations


You had one spell level left.
You didn't know any spells.
Your spell library was empty.

Dungeon Overview and Level Annotations

Branches:
Dungeon (1/15)

Altars:


Innate Abilities, Weirdness & Mutations

Your experience applies equally to all skills.
You have very sharp teeth.
Your uncanny sense of smell can sniff out nearby items.


Message History

You start resting.
Some of the chunks of flesh in your inventory have rotted away.
Your goblin zombie crumbles into dust!
A torpor snail comes into view.
Being near the torpor snail leaves you feeling lethargic.
Xom almost notices you.
Your skin glows momentarily.
The torpor snail changes into a moth of wrath!
You feel yourself speed up.
Unknown command.
You hit the moth of wrath. You freeze the moth of wrath.
The moth of wrath is lightly wounded.
The moth of wrath bites you!
Ouch! That really hurt!
You puncture the moth of wrath! You burn the moth of wrath.
The moth of wrath is moderately wounded.
The moth of wrath bites you!!
Ouch! That really hurt!
You die...
Xom laughs nastily!

#.###### ###......##
#.........# #.........#
#.....)...# #.....##+#)......
###############)....# .....#.
...............÷....# .#.#.#
.......#######..@...# .#.....
.......#### #..y...# .. #.#
...÷......# #......# .# .#
.......##.####...[..# .# #
.......##...##......#
.....÷.####.##.####.#
.......####.........#
.......##..........##
.......++..........########..


You could see a moth of wrath shaped shifter.

Vanquished Creatures
  A bat (D:1)
  4 goblins (D:1)
  2 hobgoblins (D:1)
  A kobold (D:1)
  A frilled lizard (D:1)
  A rat (D:1)
10 creatures vanquished.

Vanquished Creatures (collateral kills)
  A dart slug (D:1)
1 creature vanquished.

Vanquished Creatures (others)
  A rat (D:1)
1 creature vanquished.

Grand Total: 12 creatures vanquished

Notes
Turn   | Place    | Note
-------+----------+-------------------------------------------
     0 | D:1      | FishyPogo the Gnoll Chaos Knight began the quest for the
                  | Orb.
     0 | D:1      | Reached XP level 1. HP: 23/23 MP: 1/1
    18 | D:1      | XOM: silly message
   128 | D:1      | XOM: potion effect (agility)
   132 | D:1      | Reached XP level 2. HP: 20/29 MP: 2/2
   172 | D:1      | XOM: harmless Conj miscast
   223 | D:1      | Noticed a glowing shapeshifter
   223 | D:1      | a hobgoblin changed into a glowing shapeshifter
   223 | D:1      | Noticed an elephant
   223 | D:1      | a glowing shapeshifter changed into an elephant
   228 | D:1      | Noticed a jumping spider
   228 | D:1      | an elephant changed into a jumping spider
   344 | D:1      | Noticed a torpor snail
   346 | D:1      | XOM: harmless Tmut miscast
   346 | D:1      | Noticed a moth of wrath
   346 | D:1      | a torpor snail changed into a moth of wrath
   349 | D:1      | Mangled by a moth of wrath (glowing shapeshifter)

Levels and vault maps discovered:
D:1:      nicolae_arrival_somewhat_less_tricky_arrival, layout_basic

Action                   || total
-------------------------++-------
Melee: Short sword       ||    48
       Bite              ||     6
 Stab: Petrifying        ||     1
Armor: Leather armour    ||    12
Dodge: Dodged            ||    30
